 Dungeon Crawl Stone Soup version 0.23.2 (webtiles) character file.

Game seed: 15697003179865072228

354 Kinoniko the Poker (level 6, -2/47 HPs)
             Began as a Demonspawn Gladiator on Apr 4, 2019.
             Slain by a wight
             ... wielding a cursed +0 battleaxe
              (10 damage)
             ... on level 3 of the Dungeon.
             The game lasted 00:09:11 (2717 turns).

Kinoniko the Poker (Demonspawn Gladiator)           Turns: 2717, Time: 00:09:12

Health: -2/47      AC:  5    Str: 15    XL:     6   Next: 35%
Magic:  6/6        EV: 20    Int:  9    God:
Gold:   207        SH:  4    Dex: 21    Spells: 5/5 levels left

rFire    x . .     SeeInvis .   a - +4 trident
rCold    + . .     Gourm    .   (no shield)
rNeg     . . .     Faith    .   b - +1 leather armour
rPois    .         Spirit   .   c - +0 helmet
rElec    .         Reflect  +   (no cloak)
rCorr    .         Harm     .   (no gloves)
MR       .....                  (no boots)
Stlth    +++.......             l - +4 amulet of reflection
HPRegen  0.15/turn              o - ring of ice
MPRegen  0.10/turn              (no ring)

@: agile, drained
A: repulsion field 1, demonic guardian 2, powered by death 1
a: no special abilities


You were on level 3 of the Dungeon.
You were not hungry.

You visited 1 branch of the dungeon, and saw 4 of its levels.

You collected 207 gold pieces.

Inventory:

Hand Weapons
 a - a +4 trident (weapon)
Missiles
 d - 3 throwing nets (quivered)
Armour
 b - a +1 leather armour (worn)
 c - a +0 helmet (worn)
Jewellery
 l - a +4 amulet of reflection (around neck)
 o - a ring of ice (left hand)
Wands
 n - a wand of enslavement (8)
Scrolls
 j - a scroll of remove curse
 k - 3 scrolls of teleportation
 m - a scroll of amnesia
Potions
 g - 2 potions of haste {unknown}
 h - a potion of degeneration {unknown}
 i - a potion of invisibility {unknown}
 p - a potion of resistance {unknown}
Comestibles
 f - 7 rations


   Skills:
 * Level 3.3(2.6) Fighting
 + Level 4.6(3.9) Polearms
 - Level 1.7(1.1) Throwing
 * Level 2.6(1.9) Armour
 + Level 3.6(2.9) Dodging


You had 5 spell levels left.
You didn't know any spells.
Your spell library was empty.

Dungeon Overview and Level Annotations

Branches:
Dungeon (4/15)             Temple (0/1) D:4

Altars:


Innate Abilities, Weirdness & Mutations

You are surrounded by a mild repulsion field. (EV +2)
A demonic guardian rushes to your aid.
You regenerate a little health from kills.


Message History

The wight hits you with a cursed +0 battleaxe!
You feel drained.
You hit the wight.
The wight is heavily damaged.
The wight closely misses you.
You barely miss the wight.
The wight is heavily damaged.
The wight hits you with a cursed +0 battleaxe!
* * * LOW HITPOINT WARNING * * *
You closely miss the wight.
The wight is heavily damaged.
The wight completely misses you.
You feel agile all of a sudden.
You hit the wight but do no damage.
The wight is heavily damaged.
The wight misses you.
You hit the wight.
The wight is almost destroyed.
The wight hits you with a cursed +0 battleaxe!
You die...

###### ####### #.....
#.....# #>#### #.###.# #.#
#.###.# #.####
#....z###########.....
#....@................
##.##.########..#####.
######.##......#######....
#......##########≈##.####'
#......# ###≈§§#....
#......# #..§.§#....
#......# ##..#.'....
#......# #..≈..'....
#......# ##..8.#....


You could see a wight.

Vanquished Creatures
  3 adders
  3 oozes
  2 worms
  A dart slug (D:2)
  A leopard gecko (D:2)
  7 bats
  2 giant cockroaches (D:2)
  7 goblins
  6 hobgoblins
  6 jackals (D:2)
  3 kobolds
  2 ball pythons
  3 frilled lizards
  5 rats
51 creatures vanquished.

Vanquished Creatures (collateral kills)
  Sigmund (D:2)
  A phantom (D:3)
  The ghost of Name63 the Gusty, an amateur GnWn (D:3)
  A wight (D:4)
  A rat (D:2)
5 creatures vanquished.

Grand Total: 56 creatures vanquished

Notes
Turn   | Place    | Note
-------+----------+-------------------------------------------
     0 | D:1      | Kinoniko the Demonspawn Gladiator began the quest for the
                  | Orb.
     0 | D:1      | Reached XP level 1. HP: 16/16 MP: 1/1
   190 | D:1      | Gained mutation: You are surrounded by a mild repulsion
                  | field. (EV +2) [demonic ancestry]
   190 | D:1      | Reached XP level 2. HP: 18/22 MP: 2/2
   332 | D:1      | Reached skill level 3 in Polearms
   770 | D:2      | Reached skill level 1 in Armour
   776 | D:2      | Gained mutation: A weak demonic guardian rushes to your
                  | aid. [demonic ancestry]
   776 | D:2      | Reached XP level 3. HP: 13/27 MP: 3/3
   965 | D:2      | Noticed Sigmund
   988 | D:2      | Killed Sigmund
   988 | D:2      | Gained mutation: You regenerate a little health from kills.
                  | [demonic ancestry]
   988 | D:2      | Reached XP level 4. HP: 34/34 MP: 4/4
  1008 | D:2      | Reached XP level 5. HP: 38/40 MP: 5/5
  1589 | D:3      | Noticed a phantom
  1607 | D:3      | Killed a phantom
  1607 | D:3      | Reached skill level 4 in Polearms
  1925 | D:3      | Found a large runed translucent door.
  1926 | D:3      | Found a large runed translucent door.
  1927 | D:3      | Noticed Name63's ghost (amateur GnWn)
  2498 | D:3      | Killed Name63's ghost
  2498 | D:3      | Gained mutation: A demonic guardian rushes to your aid.
                  | [demonic ancestry]
  2498 | D:3      | Reached XP level 6. HP: 25/47 MP: 6/6
  2696 | D:4      | Found a staircase to the Ecumenical Temple.
  2717 | D:3      | Slain by a wight

Skill      XL: |  1  2  3  4  5 |
---------------+----------------+-----
Polearms       | 3 4 |  4.6
Dodging        | 3 |  3.6
Armour         | 1 2 |  2.6
Fighting       | 3 |  3.3
Throwing       | |  1.7

Action                   |  1- 3 |  4- 6 || total
-------------------------+-------+-------++-------
Melee: Trident           |    79 |   119 ||   198
  Use: Scroll            |     7 |     4 ||    11
       Potion            |       |     1 ||     1
 Stab: Sleeping          |     1 |       ||     1
  Eat: Ration            |       |     2 ||     2
Armor: Leather armour    |    32 |    21 ||    53
Dodge: Dodged            |    81 |    81 ||   162
Block: Other             |       |    11 ||    11
       Reflection        |       |     2 ||     2
